 Dungeon Crawl Stone Soup version 0.21-a0-84-g85d6d27 (webtiles) character file.

125561 cerealjynx the Fencer (level 16, -3/145 HPs)
             Began as a Minotaur Fighter on June 27, 2017.
             Was the Champion of Okawaru.
             Slain by an eight-headed hydra simulacrum (8 damage)
             ... in an ice cave.
             The game lasted 01:04:14 (31264 turns).

cerealjynx the Fencer (Minotaur Fighter)           Turns: 31264, Time: 01:04:14

Health: -3/145     AC: 31    Str: 26    XL:     16   Next: 41%
Magic:  21/21      EV: 12    Int:  5    God:    Okawaru [******]
Gold:   3177       SH: 14    Dex: 12    Spells: 15/15 levels left

rFire    + + .     SeeInvis +   a - +1 double sword (distort)
rCold    + . .     Gourm    .   c - +0 shield {AC+3}
rNeg     . . .     Faith    .   L - +6 plate armour {ponderous}
rPois    .         Spirit   .   S - +2 hat {SInv}
rElec    .         Reflect  .   I - scarf {rC+ rF+}
rCorr    .         Harm     .   t - +0 pair of gloves
MR       +++..                  o - +0 pair of boots
Stlth    ..........             Z - amulet of regeneration
HPRegen  0.74/turn              J - ring of protection from fire
MPRegen  0.17/turn              T - ring "Pihaacov" {+Inv MR++ Stlth+}

@: lethally poisoned (-3 -> -6), slow
A: retaliatory headbutt, horns 2
a: Heroism, Finesse, Renounce Religion, Evoke Invisibility


You were in an ice cave.
You worshipped Okawaru.
Okawaru was exalted by your worship.
You were not hungry.

You visited 5 branches of the dungeon, and saw 25 of its levels.
You also visited: Sewer and Ice Cave.

You collected 3177 gold pieces.

Inventory:

Hand Weapons
 a - a +1 double sword of distortion (weapon)
Missiles
 m - 5 javelins of penetration (quivered)
 E - 13 tomahawks of returning
 H - 2 poisoned tomahawks
 M - 8 steel javelins
 V - a throwing net
 W - 4 poisoned javelins
 Y - 8 javelins of returning
Armour
 c - a +0 shield of protection (worn)
 o - a +0 pair of boots (worn)
 t - a +0 pair of gloves (worn)
 I - a scarf of resistance (worn)
 L - a +6 plate armour of ponderousness (worn)
 S - a +2 hat of see invisible (worn)
Jewellery
 J - a ring of protection from fire (left hand)
 P - the ring of Temptation {+Fly rC+ rN+ Dex-2}
   (You found it on level 5 of the Dungeon)

   [ring of protection from cold]

   It affects your dexterity (-2).
   It protects you from cold.
   It protects you from negative energy.
   It lets you fly.
 T - the ring "Pihaacov" (right hand) {+Inv MR++ Stlth+}
   (You found it on level 6 of the Lair of Beasts)

   [ring of stealth]

   It affects your resistance to hostile enchantments.
   It lets you turn invisible.
   It makes you more stealthy.
 Z - an amulet of regeneration (around neck)
Wands
 b - a wand of lightning (6/15)
 p - a wand of iceblast (1/15)
 q - a wand of clouds (1/9)
 r - a wand of polymorph (15/24)
 N - a wand of confusion (14/48)
 R - a wand of digging (4/24)
Scrolls
 i - 2 scrolls of summoning
 y - a scroll of fear
 z - 4 scrolls of blinking
 A - 7 scrolls of teleportation
 B - 7 scrolls of magic mapping
 D - 4 scrolls of recharging
 F - 3 scrolls of holy word
 K - 8 scrolls of identify
 O - a scroll of remove curse
 X - a scroll of fog
Potions
 d - 3 potions of might
 e - 3 potions of haste
 j - 4 potions of heal wounds
 k - a potion of invisibility
 l - 5 potions of resistance
 n - 3 potions of curing
 s - 5 potions of brilliance
 C - 12 potions of flight
 G - a potion of cancellation
 Q - 4 potions of agility
Miscellaneous
 w - a phantom mirror
 x - a lightning rod (4/4)
 U - a sack of spiders
Comestibles
 f - 11 bread rations
 g - 9 fruits
 u - 9 royal jellies
 v - 11 meat rations


   Skills:
 + Level 13.9 Fighting
 * Level 16.9 Long Blades
 - Level 10.2 Throwing
 * Level 14.7 Armour
 + Level 8.9 Dodging
 - Level 15.7 Shields
 - Level 8.2 Invocations


You had 15 spell levels left.
You didn't know any spells.

Dungeon Overview and Level Annotations

Branches:
Dungeon (15/15)            Temple (1/1) D:4            Lair (6/6) D:10
 Shoals (0/4) Lair:2       Spider (1/4) Lair:3        Slime (0/5) Lair:5
    Orc (2/2) D:9             Elf (0/3) Orc:2        Vaults (0/5) D:13
 Depths (0/5) D:15

Altars:
Ashenzari
Cheibriados
Dithmenos
Elyvilon
Fedhas
Gozag
Hepliaklqana
Kikubaaqudgha
Makhleb
Nemelex Xobeh
Okawaru
Qazlal
Ru
Trog
Vehumet
Wu Jian
Xom
Yredelemnul
Zin
The Shining One

Shops:
D:4 %   D:13 !   D:14 *   D:15 [   Orc:2 }}(*

Annotations:
Lair:4 exclusion: 2 oklob plants


Innate Abilities, Weirdness & Mutations

You reflexively headbutt those who attack you in melee.
You have a pair of horns on your head.


Message History

The bolt of lightning misses you. x2
Really walk into that cloud of poison gas? [Y]es or [N]o only, please.
Really walk into that cloud of poison gas? [Y]es or [N]o only, please.
Really walk into that cloud of poison gas? [Y]es or [N]o only, please.
Really walk into that cloud of poison gas? [Y]es or [N]o only, please.
Really walk into that cloud of poison gas?
You are engulfed in poison gas.
You are poisoned.
* * * LOW HITPOINT WARNING * * *
You feel sick.
You block the eight-headed hydra simulacrum's attack.
The eight-headed hydra simulacrum barely misses you.
The eight-headed hydra simulacrum bites you but does no damage. x3
You block the eight-headed hydra simulacrum's attack.
The eight-headed hydra simulacrum bites you!
You die...

≈≈≈≈≈#..#.##
≈#≈≈##.##..#
≈≈≈ #§###.#
##§#2##
#..§§#
##.#§#
###§## ##§#
##@# #§Z#
#§## #2##
##.# #W#
#..# #WZ##


#ZZZ You could see 2 blizzard demons and an eight-headed hydra simulacrum.

Vanquished Creatures
  Rupert (D:13)
  An orc warlord (Orc:1)
  The ghost of THUG4L1F3 the Spear-Bearer, a journeyman MiFi of Okawaru (D:12)
  Snorg (D:13)
  Josephine (D:14)
  4 ogre magi (Orc:2)
  Fannar (D:11)
  9 hydras
  An ice dragon (D:15)
  4 vault guards (D:13)
  4 catoblepae
  5 centaur warriors
  A death knight (D:15)
  Erica (Orc:2)
  16 death yaks
  16 two-headed ogres
  5 tengu warriors
  6 skeletal warriors
  2 unseen horrors
  An orc knight (Orc:1)
  2 orc sorcerers
  6 cyclopes
  3 wolf spiders (Spider:1)
  8 ugly things
  A faun (Lair:4)
  4 manticores
  6 elephants (Lair:5)
  Joseph (D:7)
  5 black mambas
  3 centaur zombies
  2 gargoyles
  5 rime drakes
  12 spiny frogs
  5 centaur skeletons
  An efreet (D:13)
  6 komodo dragons
  A tengu conjurer (D:14)
  A kobold demonologist (D:15)
  4 freezing wraiths
  5 ice devils (IceCv)
  A golden dragon simulacrum (IceCv)
  2 anaconda simulacra (IceCv)
  4 polar bears
  9 trolls
  3 meliai (D:15)
  6 jumping spiders
  14 blink frogs
  6 slime creatures (D:13)
  21 hippogriffs
  A hornet (D:8)
  10 dream sheep
  3 centaur simulacra
  A tarantella (Spider:1)
  A spriggan (D:7)
  8 wraiths
  8 redbacks
  57 yaks
  2 dire elephant simulacra (IceCv)
  5 wyverns (D:14)
  2 vampires
  7 basilisks
  2 steam dragons (D:10)
  4 vampire mosquitoes (D:14)
  4 harpy simulacra (IceCv)
  2 hungry ghosts
  An iron troll simulacrum (IceCv)
  2 acid dragons
  2 insubstantial wisps (D:10)
  3 wargs (Orc:1)
  13 water moccasins
  9 porcupines
  10 sky beasts
  An ettin simulacrum (IceCv)
  19 orc warriors
  3 phantoms
  5 ice beasts
  3 necrophages
  34 ogres
  4 wolves (Lair:3)
  22 centaurs
  12 crocodiles
  6 big kobolds
  11 bullfrogs
  A wyvern zombie (D:10)
  A gnoll sergeant (D:8)
  2 scorpions (D:7)
  A water moccasin skeleton (D:6)
  8 killer bees
  5 wights (D:9)
  2 electric eels (Lair:1)
  6 howler monkeys
  5 crimson imps
  2 bullfrog zombies
  A quasit (D:14)
  8 hounds
  15 orc priests
  4 draconian simulacra (IceCv)
  A jelly (D:7)
  17 orc wizards
  2 iguanas
  Natasha (thrice) (D:2)
  A merfolk siren (Sewer)
  12 worker ants
  A wolf simulacrum (IceCv)
  A merfolk avatar (Sewer)
  5 troll simulacra (IceCv)
  A hound zombie (D:9)
  A hound skeleton (D:5)
  Robin (D:2)
  18 adders
  7 gnolls
  3 howler monkey skeletons
  2 naga simulacra (IceCv)
  2 river rats (Sewer)
  3 shadow imps
  3 white imps (IceCv)
  2 ufetubi (IceCv)
  An ooze (D:4)
  An adder skeleton (D:4)
  3 worms
  4 dart slugs
  12 leopard geckos
  81 orcs
  8 bats
  A bat zombie (D:8)
  10 giant cockroaches
  13 goblins
  7 hobgoblins
  12 jackals
  9 quokkas
  2 ball pythons (Sewer)
  8 frilled lizards
  28 kobolds
  A leopard gecko skeleton (D:4)
  A leopard gecko zombie (D:5)
  2 quokka skeletons
  29 rats
  A plant (Lair:1)
886 creatures vanquished.

Vanquished Creatures (collateral kills)
  3 killer bees (D:13)
3 creatures vanquished.

Vanquished Creatures (others)
  A wolf spider (Spider:1)
  A kobold demonologist (D:15)
  2 freezing wraiths (IceCv)
  A troll (Orc:2)
  A redback (Spider:1)
  An orc warrior (Orc:1)
  A sky beast (D:10)
  An ogre (Orc:2)
  2 white imps (IceCv)
  An ufetubus (IceCv)
  A bush (D:15)
  20 fungi
  20 plants
53 creatures vanquished.

Grand Total: 942 creatures vanquished

Notes
Turn   | Place    | Note
-------+----------+-------------------------------------------
     0 | D:1      | cerealjynx the Minotaur Fighter began the quest for the Orb.
     0 | D:1      | Reached XP level 1. HP: 19/19 MP: 0/0
   158 | D:1      | Reached XP level 2. HP: 27/27 MP: 1/1
   686 | D:1      | Reached skill level 3 in Long Blades
   768 | D:2      | Reached XP level 3. HP: 27/33 MP: 2/2
   821 | D:2      | Noticed Natasha
   832 | D:2      | Killed Natasha
   832 | D:2      | Reached XP level 4. HP: 39/40 MP: 3/3
   842 | D:2      | Noticed Natasha
   854 | D:2      | Killed Natasha
   854 | D:2      | Reached skill level 1 in Dodging
   874 | D:2      | Noticed Natasha
   879 | D:2      | Killed Natasha
   879 | D:2      | Reached skill level 4 in Long Blades
   965 | D:2      | Reached XP level 5. HP: 37/46 MP: 4/4
  1285 | D:2      | Noticed Robin
  1306 | D:2      | Reached skill level 5 in Shields
  1322 | D:2      | Killed Robin
  1365 | D:2      | HP: 2/46 [poisoned by a goblin]
  1889 | D:3      | Found a sacrificial altar of Ru.
  2020 | D:3      | Found a basalt altar of Yredelemnul.
  2023 | D:3      | Found an ornate altar of the Wu Jian Council.
  2261 | D:3      | Reached XP level 6. HP: 35/52 MP: 5/5
  2819 | D:4      | Reached skill level 5 in Long Blades
  2856 | D:4      | Reached skill level 5 in Armour
  3016 | D:4      | Found a staircase to the Ecumenical Temple.
  3034 | Temple   | Entered the Ecumenical Temple
  3210 | Temple   | Became a worshipper of Warmaster Okawaru
  3304 | D:4      | Reached XP level 7. HP: 58/60 MP: 6/6
  3565 | D:4      | Found Rexyhan's Food Shoppe.
  3891 | D:5      | Entered Level 5 of the Dungeon
  3948 | D:5      | Reached skill level 6 in Long Blades
  4063 | D:5      | Reached * piety under Okawaru
  4134 | D:5      | Reached skill level 1 in Invocations
  4157 | D:5      | Reached XP level 8. HP: 30/67 MP: 8/8
  4248 | D:5      | Got a brightly glowing silver ring
  4271 | D:5      | Identified the ring of Temptation {+Fly rC+ rN+ Dex-2} (You found it on level 5 of the Dungeon)
  4313 | D:5      | Found a glowing drain.
  4328 | Sewer    | Entered a sewer
  4750 | D:5      | Reached skill level 7 in Long Blades
  5556 | D:6      | Noticed a two-headed ogre
  5569 | D:6      | Killed a two-headed ogre
  5569 | D:6      | Reached ** piety under Okawaru
  5569 | D:6      | Reached skill level 8 in Long Blades
  5569 | D:6      | Reached XP level 9. HP: 42/72 MP: 11/11
  5784 | D:6      | Reached skill level 9 in Long Blades
  5937 | D:6      | Found a white marble altar of Elyvilon.
  6231 | D:7      | Noticed Joseph
  6246 | D:7      | Killed Joseph
  6246 | D:7      | Reached *** piety under Okawaru
  6246 | D:7      | Reached skill level 10 in Shields
  6440 | D:7      | Reached skill level 1 in Throwing
  6493 | D:7      | Reached skill level 5 in Fighting
  7145 | D:7      | Got a transparent scale mail
  7156 | D:7      | Identified the cursed +1 scale mail of the Grey Skies {Int+3} (You found it on level 7 of the Dungeon)
  7315 | D:8      | Reached **** piety under Okawaru
  7317 | D:8      | Noticed a two-headed ogre
  7321 | D:8      | Reached XP level 10. HP: 81/83 MP: 12/12
  7332 | D:8      | Killed a two-headed ogre
  7445 | D:8      | Reached skill level 5 in Throwing
  7513 | D:8      | Found a sacrificial altar of Ru.
  7768 | D:8      | Received a gift from Okawaru
  7836 | D:8      | Found an ancient bone altar of Kikubaaqudgha.
  8453 | D:9      | Received a gift from Okawaru
  8530 | D:9      | Found a staircase to the Orcish Mines.
  8860 | D:9      | Reached ***** piety under Okawaru
  9201 | D:10     | Entered Level 10 of the Dungeon
  9269 | D:10     | Found a staircase to the Lair.
  9390 | D:10     | Reached skill level 10 in Long Blades
  9685 | D:10     | Noticed a purple ugly thing
  9695 | D:10     | Killed a purple ugly thing
  9695 | D:10     | Received a gift from Okawaru
  9695 | D:10     | Reached XP level 11. HP: 55/92 MP: 10/13
  9749 | D:10     | Received a gift from Okawaru
  9840 | D:10     | Got a crude chain mail
  9851 | D:10     | Identified the +1 chain mail of Fortification {rC+ Stlth+} (You found it on level 10 of the Dungeon)
 10114 | D:11     | Reached skill level 5 in Invocations
 10146 | D:11     | Noticed a purple ugly thing
 10157 | D:11     | Killed a purple ugly thing
 10230 | D:11     | Received a gift from Okawaru
 10375 | D:11     | Noticed Fannar
 10400 | D:11     | Killed Fannar
 10526 | D:11     | Reached skill level 11 in Long Blades
 10832 | D:11     | Noticed a brown ugly thing
 10845 | D:11     | Killed a brown ugly thing
 10954 | D:11     | Noticed a purple ugly thing
 10954 | D:11     | Noticed a green ugly thing
 10969 | D:11     | Killed a cyan ugly thing
 10969 | D:11     | Received a gift from Okawaru
 10977 | D:11     | Killed a purple ugly thing
 11322 | D:11     | Noticed a skeletal warrior
 11323 | D:11     | Noticed a skeletal warrior
 11330 | D:11     | Noticed a skeletal warrior
 11357 | D:11     | Killed a skeletal warrior
 11376 | D:11     | Killed a skeletal warrior
 11384 | D:11     | Killed a skeletal warrior
 11384 | D:11     | Reached ****** piety under Okawaru
 11384 | D:11     | Reached skill level 12 in Long Blades
 11771 | D:11     | Reached XP level 12. HP: 87/100 MP: 16/16
 11815 | Lair:1   | Entered Level 1 of the Lair of Beasts
 11870 | Lair:1   | Received a gift from Okawaru
 11881 | Lair:1   | Got a translucent lajatang {god gift}
 11882 | Lair:1   | Identified the +6 lajatang "Ciguh" {flame, rElec rPois rC++ Int-3} (Okawaru gifted it to you on level 1 of the Lair of Beasts)
 12115 | Lair:1   | Noticed a four-headed hydra
 12122 | Lair:1   | Killed a one-headed hydra
 12122 | Lair:1   | Reached skill level 10 in Throwing
 13568 | Lair:2   | Found a staircase to the Shoals.
 14109 | Lair:2   | Received a gift from Okawaru
 14254 | Lair:3   | HP: 2/101 [komodo dragon (20)]
 14989 | Lair:3   | Identified the Reference Book on Supportive Arcane Weapons
 15153 | Lair:3   | HP: 5/101 [jumping spider (6)]
 15166 | Lair:3   | Received a gift from Okawaru
 15177 | Lair:3   | Found a hole to the Spider Nest.
 16744 | Lair:4   | Received a gift from Okawaru
 17256 | Lair:4   | Reached XP level 13. HP: 80/107 MP: 18/18
 17683 | Lair:4   | Found an ornate altar of the Wu Jian Council.
 17830 | Lair:4   | Noticed Nessos
 17834 | Lair:4   | Noticed Nessos
 17834 | Lair:4   | Nessos changed into Nessos the faun
 17857 | Lair:4   | Killed Nessos the faun
 18206 | Lair:4   | HP: 3/107 [catoblepas (20)]
 20078 | Lair:5   | Found a staircase to the Slime Pits.
 20348 | Lair:6   | Entered Level 6 of the Lair of Beasts
 20362 | Lair:5   | HP: 5/111 [black mamba (9)]
 20365 | Lair:5   | HP: 1/111 [black mamba (2)]
 20716 | Lair:5   | Received a gift from Okawaru
 20721 | Lair:5   | Received a gift from Okawaru
 21120 | Lair:5   | Reached skill level 10 in Fighting
 21143 | Lair:5   | Reached skill level 15 in Shields
 21982 | Lair:6   | Received a gift from Okawaru
 22510 | Lair:6   | Reached XP level 14. HP: 88/124 MP: 19/19
 22819 | Lair:6   | Received a gift from Okawaru
 22961 | Lair:6   | Reached skill level 13 in Long Blades
 23862 | Lair:6   | Reached skill level 10 in Armour
 23953 | Lair:6   | Reached skill level 5 in Dodging
 23975 | Lair:6   | Received a gift from Okawaru
 24336 | Lair:6   | Got a diamond-encrusted plate armour
 24347 | Lair:6   | Identified the +0 plate armour "Ycziet" {+Fly Int+3} (You found it on level 6 of the Lair of Beasts)
 24388 | Lair:6   | Got a shimmering pewter ring
 24390 | Lair:6   | Identified the ring "Pihaacov" {+Inv MR++ Stlth+} (You found it on level 6 of the Lair of Beasts)
 24855 | D:12     | Noticed THUG4L1F3's ghost (journeyman MiFi)
 24866 | D:12     | Killed THUG4L1F3's ghost
 25047 | D:13     | Noticed Snorg
 25119 | D:13     | Found Rehistra's Distillery.
 25139 | D:13     | Killed Snorg
 25139 | D:13     | Reached skill level 14 in Long Blades
 25701 | D:13     | Found a gate to the Vaults.
 25793 | D:13     | Received a gift from Okawaru
 25968 | D:13     | Noticed Rupert
 25980 | D:13     | Killed Rupert
 26260 | D:13     | Reached XP level 15. HP: 117/134 MP: 20/20
 26627 | D:14     | Noticed Josephine
 26636 | D:14     | Killed Josephine
 27223 | D:14     | Reached skill level 15 in Long Blades
 27486 | D:14     | Received a gift from Okawaru
 27544 | D:14     | Found Ruiliopp's General Store.
 27755 | D:15     | Entered Level 15 of the Dungeon
 27788 | D:15     | Received a gift from Okawaru
 28413 | D:15     | Found Muamin's Armour Shop.
 28652 | D:15     | Found a staircase to the Depths.
 28951 | Orc:1    | Entered Level 1 of the Orcish Mines
 29096 | Orc:2    | Entered Level 2 of the Orcish Mines
 29113 | Orc:2    | Found a staircase to the Elven Halls.
 29273 | Orc:1    | Noticed Erica
 29283 | Orc:2    | Reached skill level 16 in Long Blades
 29287 | Orc:2    | Killed Erica
 29357 | Orc:1    | Received a gift from Okawaru
 29494 | Orc:1    | Noticed an orc warlord
 29529 | Orc:1    | Killed an orc warlord
 29824 | Orc:2    | Reached XP level 16. HP: 99/144 MP: 21/21
 29845 | Orc:2    | Received a gift from Okawaru
 29911 | Orc:2    | Found Womitt's Gadget Shoppe.
 29911 | Orc:2    | Found Fuob's Gadget Shop.
 29912 | Orc:2    | Found Ziyk's General Store.
 29912 | Orc:2    | Found Gapokuv's Weapon Shoppe.
 29941 | Orc:2    | Received a gift from Okawaru
 30479 | Spider:1 | Entered Level 1 of the Spider Nest
 30659 | Spider:1 | Found a frozen archway.
 30664 | IceCv    | Entered an ice cave
 31264 | IceCv    | HP: 6/145 [cloud of poison gas (6)]
 31264 | IceCv    | Slain by an eight-headed hydra simulacrum

Vault maps used:
D:1:      matt_arrival_spirals
D:2:      uniq_natasha, uniq_robin
D:3:      nicolae_overflow_hidden_temple
D:4:      minmay_temple_entry_butterflies, serial_shops, kennysheep_mini
D:5:      portal_sewer_entry_b, first_bread
D:6:      elyvilon_altar_4
D:7:      the_bakery, serial_bayou_pond_d, uniq_joseph
D:8:      lemuel_zombie_altar_kikubaaqudgha, nicolae_ru_path_of_blood
D:9:      david_orc_2
D:10:     lair_entry_dummy, hangedman_misty_isle
D:11:     uniq_fannar
D:13:     lightli_vaults_fourway_checkpoint, serial_shops,
          nicolae_shop_behind_doors, unseen_surprise_small, uniq_rupert,
          uniq_snorg
D:14:     hangedman_decor_points, serial_shops, shop_coins, special_room,
          uniq_josephine
D:15:     grunt_enter_depths_hoard, serial_shops, shop, serial_park_square1
Temple:   regret_index_temple_generic_petals
Lair:1:   serial_bayou_lake_a
Lair:2:   elwin_shoals_entry_rocks, serial_bayou_pond_d
Lair:3:   nicolae_spider_entry_tight_spaces, gammafunk_lair_bear_cave
Lair:4:   basic_altar, hibernation_bobbens, serial_bayou_shore_b,
          serial_bayou_shore_b, minmay_lair_oklob_chamber, uniq_nessos
Lair:5:   dpeg_slime_entry_corner, lemuel_fruit_fields
Lair:6:   evilmike_catoblepas_cave, serial_bayou_shore_b
Spider:1: nicolae_spider_mines_3, portal_ice_cave_entry_pillars_four
Orc:1:    uniq_erica
Orc:2:    st_orc_ogre_mass
Sewer:    sewer_sea
IceCv:    ice_cave_caverns_03

Skill      XL: |  1  2  3  4  5  6  7  8  9 10 11 12 13 14 15 16 |
---------------+-------------------------------------------------+-----
Long Blades    | 3 4 5 6 8 9 10 12 14 16 | 16.9
Armour         | 4 5 6 8 9 11 13 14 | 14.7
Shields        | 4 5 7 9 10 13 15 | 15.7
Dodging        | 1 2 3 4 6 8 |  8.9
Fighting       | 4 5 7 8 11 12 13 | 13.9
Invocations    | 2 4 7 8 |  8.2
Throwing       | 4 7 9 10 | 10.2

Action                   |  1- 3 |  4- 6 |  7- 9 | 10-12 | 13-15 | 16-18 || total
-------------------------+-------+-------+-------+-------+-------+-------++-------
Melee: Long sword        |    48 |   278 |   507 |  1034 |  1434 |       ||  3301
       Headbutt          |     7 |    38 |    83 |   247 |   471 |    72 ||   918
       Unarmed           |       |     5 |       |       |       |       ||     5
       Double sword      |       |       |       |       |   208 |   308 ||   516
Throw: Stone             |       |     1 |     4 |       |       |       ||     5
       Tomahawk          |       |       |       |     5 |    13 |     3 ||    21
       Javelin           |       |       |       |       |       |     3 ||     3
Invok: Heroism           |       |       |     3 |     9 |    13 |       ||    25
       Finesse           |       |       |       |       |     2 |       ||     2
Evoke: Wand              |       |       |     6 |     8 |    14 |     3 ||    31
       Sack of spiders   |       |       |       |     1 |     1 |       ||     2
       Lightning rod     |       |       |       |       |     8 |       ||     8
  Use: Scroll            |       |       |    13 |    16 |    19 |       ||    48
       Potion            |       |       |     1 |    10 |     3 |       ||    14
 Stab: Distracted        |       |       |       |       |     1 |       ||     1
       Confused          |       |       |       |       |     1 |       ||     1
  Eat: Chunk             |       |     8 |    14 |    29 |    42 |     3 ||    96
       Fruit             |       |       |       |     4 |     3 |       ||     7
       Bread ration      |       |       |       |       |       |     1 ||     1
       Royal jelly       |       |       |       |       |       |     1 ||     1
Armor: Scale mail        |    29 |   116 |    77 |    70 |       |       ||   292
       Plate armour      |       |       |    87 |       |   441 |   143 ||   671
       Chain mail        |       |       |       |   207 |   187 |       ||   394
Dodge: Dodged            |    16 |    83 |   102 |   232 |   447 |   133 ||  1013
Block: Shield            |    26 |   152 |   230 |   522 |  1101 |   231 ||  2262
       Rpst.: Long sword |     6 |    25 |    29 |    63 |    75 |       ||   198
       Double sword      |       |       |       |       |    10 |    15 ||    25
